cohdb
Replays
Latest Replays
All Replays
Popular Replays
Top Player Replays
Match Explorer
How It Works
Community
CoH3 Stats
Reddit
Sign in to upload your games and track your stats! →
Sign in with Steam
Match 38909985
Unlisted
Match 38909985
Overview
Messages
Build Orders
End
Construct Barracks
Selects Armored Battlegroup
Selects Veteran Crews
Riflemen Squad
1⁄4-ton 4x4 Truck
Riflemen Squad
Construct Weapon Support Center
Bazooka Squad
Engineer Squad
Mechanized Support Center
Construct Medical Station
M3 Armored Personnel Carrier
Selects Fast Deploy
Selects M8 Scott SPG
M8 Scott SPG
Riflemen Squad
Bazooka Squad
Selects UNKNOWN (2160077)
Construct Tank Depot
Selects M31 Recovery Vehicle
Selects War Machine
M18 Hellcat Tank Destroyer
Bazooka Squad
Designate Forward Repair Station
Salvage Crew
BigTiddyLebron
kreumat
Master of Disaster
Lilfuture
0
0
Comments
sign in to comment!
No comments posted yet!